[Event "GER-ch Blitz 2019"]
[Site "Magdeburg"]
[Date "2019.05.25"]
[Round "16.4"]
[White "Barzen, Pascal"]
[Black "Koch, Thomas"]
[Result "1/2-1/2"]
[ECO "B25"]
[WhiteElo "2292"]
[BlackElo "2474"]
[Annotator "ChessBase"]
[PlyCount "72"]
[EventDate "2019.05.25"]
[EventType "tourn"]
[EventCountry "GER"]
[Tiebreak "Number of wins+Number of black wins"]
[SourceTitle "playchess.com"]
[Source "ChessBase"]
[SourceQuality "1"]
[TimeControl "180+2"]

1. e4 c5 2. Nc3 Nc6 3. g3 g6 4. Bg2 Bg7 5. d3 d6 6. f4 Nf6 7. Nf3 O-O 8. O-O Rb8 9. h3 b5 10. Be3 b4 11. Ne2 Nd7 12. Rb1 Qa5 13.
d4 cxd4 14. Nexd4 Bb7 15. Nxc6 Bxc6 16. Nd4 Bb7 17. Nb3 Qa4 18. Bd4 e5 19. Be3 Qa6 20. f5 Nf6 21. Nd2 d5 22. fxg6 hxg6 23.
Bg5 Nxe4 24. Nxe4 dxe4 25. Kh2 f6 26. Be3 Rfd8 27. Qg4 f5 28.
Qh4 Rbc8 29. Rfd1 Rxd1 30.
Rxd1 Qe2 31. Rd7 Qxe3 32. Qe7 Qh6 33. Rxb7 Rxc2 34. Qf7+ Kh7 35. Kg1 Rxb2 36. Rxa7 Qe3+ 1/2-1/2

[Event "GER-ch Blitz 2019"]
[Site "Magdeburg"]
[Date "2019.05.25"]
[Round "16.5"]
[White "Baskin, Robert"]
[Black "Hebbinghaus, Holger"]
[Result "1-0"]
[ECO "D00"]
[WhiteElo "2398"]
[BlackElo "2310"]
[Annotator "NA"]
[PlyCount "81"]
[EventDate "2019.05.25"]
[EventType "tourn"]
[EventCountry "GER"]
[Tiebreak "Number of wins+Number of black wins"]
[SourceTitle "playchess.com"]
[Source "ChessBase"]
[SourceQuality "1"]
[TimeControl "180+2"]

1. d4 d5 2. Bf4 Nf6 3. e3 e6 4. Nd2 Bd6 5. Bg3 b6 6. c3 O-O 7. Ngf3 c5 8. Bd3 Ba6 9. Bxa6 Nxa6 10. O-O Bxg3 11. hxg3 Nc7 12. a4 Qd6 13. a5 b5 14. Qe2 a6 15. e4 dxe4 16. Nxe4 Nxe4 17. Qxe4 Nd5 18. Rfd1 cxd4 19. Rxd4 h6 20. Rad1 Qc7 21. g4 Nf6 22. Qe5 Qxe5 23. Nxe5 Nd5 24. Nd7 Rfe8 25. Nb6 Nxb6 26. axb6 Rab8 27. Rd6 a5 28. Rc6 Rb7 29. b3 Reb8 30. Rdd6 a4 31. bxa4 bxa4 32. c4 a3 33. c5 a2 34. Rd1 Rd7 35. Ra1 Ra8 36. Rd6 Rxd6 37.
cxd6 f5 38. d7 Rd8 39. b7 Kf7 40. Rxa2 Ke7 41. Ra8 1-0

[Event "GER-ch Blitz 2019"]
[Site "Magdeburg"]
[Date "2019.05.25"]
[Round "16.6"]
[White "Krause, Benedict"]
[Black "Buhmann, Rainer"]
[Result "1/2-1/2"]
[ECO "B15"]
[WhiteElo "2434"]
[BlackElo "2573"]
[Annotator "ChessBase"]
[PlyCount "78"]
[EventDate "2019.05.25"]
[EventType "tourn"]
[EventCountry "GER"]
[Tiebreak "Number of wins+Number of black wins"]
[SourceTitle "playchess.com"]
[Source "ChessBase"]
[SourceQuality "1"]
[TimeControl "180+2"]

1. e4 c6 2. d4 d5 3. Nd2 dxe4 4. Nxe4 Nf6 5. Nxf6+ exf6 6. c3 Bd6 7. Bd3 O-O 8. Qc2 Re8+ 9. Ne2 h5 10. O-O h4 11. Bf4 Na6 12. Bxd6 Qxd6 13. Rae1 Nc7 14. Qd2 Be6 15. a3 a5 16. Qf4 Qxf4 17. Nxf4 Kf8 18. f3 b5 19. Nxe6+ Rxe6 20. Bf5 Rxe1 21. Rxe1 Nd5 22. Be4 Rb8 23. Bxd5 cxd5 24. Kf2 g6 25. g3 hxg3+ 26. hxg3 Rc8 27. g4 Rc4 28. Re3 Rc8 29. Ke2 Kg7 30. Kd3 Rh8 31. Re7 Rh3 32. Ke3 Rh2 33. b4 Ra2 34. bxa5 Rxa3 35. Kd2 Rxa5 36. Rd7 Ra2+ 37. Kd3 Ra3 38. Kd2 Ra2+ 39. Kd3 Ra3 {[%emt 0:00:01] Ke4} 1/2-1/2

[Event "GER-ch Blitz 2019"]
[Site "Magdeburg"]
[Date "2019.05.25"]
[Round "16.7"]
[White "Braeuer, Franz"]
[Black "Schneider, Ilja"]
[Result "1-0"]
[ECO "B07"]
[WhiteElo "2445"]
[BlackElo "2494"]
[Annotator "ChessBase"]
[PlyCount "59"]
[EventDate "2019.05.25"]
[EventType "tourn"]
[EventCountry "GER"]
[Tiebreak "Number of wins+Number of black wins"]
[SourceTitle "playchess.com"]
[Source "ChessBase"]
[SourceQuality "1"]
[TimeControl "180+2"]

1. e4 d6 2. d4 Nf6 3. Nc3 e5 4. Nf3 exd4 5. Nxd4 Be7 6. g3 Nc6 7. Bg2 O-O 8. O-O Bg4 9. Nde2 Qd7 10. b3 Rfe8 11. Bb2 Bh3 12. Bxh3 Qxh3 13. Nf4 Qd7 14. Kg2 Bf8 15. Re1 Rad8 16. Qd2 Ne5 17. h3 c6 18. Rad1 Ng6 19. Nxg6 hxg6 20. a4 Qc7 21. Qf4 a6 22. Nb1 Re6 23.
Re3 Rde8 24. Nd2 Qe7 25. Rde1 d5 26. e5 Nd7 27. Nf3 Qb4 28.
c4 dxc4 29. Ng5 R6e7 30. Qh4 1-0

[Event "GER-ch Blitz 2019"]
[Site "Magdeburg"]
[Date "2019.05.25"]
[Round "16.8"]
[White "Carow, Johannes"]
[Black "Ehmann, Thilo"]
[Result "1/2-1/2"]
[ECO "A04"]
[WhiteElo "2445"]
[BlackElo "2291"]
[Annotator "NA"]
[PlyCount "39"]
[EventDate "2019.05.25"]
[EventType "tourn"]
[EventCountry "GER"]
[Tiebreak "Number of wins+Number of black wins"]
[SourceTitle "playchess.com"]
[Source "ChessBase"]
[SourceQuality "1"]
[TimeControl "180+2"]

1. Nf3 c5 2. e3 g6 3. d4 Bg7 4. Be2 Nf6 5. d5 d6 6. O-O O-O 7. Nc3 Bg4 8. a4 Nbd7 9. h3 Bxf3 10. Bxf3 Ne8 11. e4 Nc7 12. Re1 a6 13. Be2 b6 14. Bg5 Rb8 15.
Qd2 Re8 16. Rab1 b5 17. axb5 Nxb5 18. Bxb5 axb5 19. b4 Qc7 20. Ne2 1/2-1/2

[Event "GER-ch Blitz 2019"]
[Site "Magdeburg"]
[Date "2019.05.25"]
[Round "16.9"]
[White "Kopylov, Michael"]
[Black "Schulz, Karsten"]
[Result "1-0"]
[ECO "D79"]
[WhiteElo "2413"]
[BlackElo "2227"]
[Annotator "NA"]
[PlyCount "85"]
[EventDate "2019.05.25"]
[EventType "tourn"]
[EventCountry "GER"]
[Tiebreak "Number of wins+Number of black wins"]
[SourceTitle "playchess.com"]
[Source "ChessBase"]
[SourceQuality "1"]
[TimeControl "180+2"]

1. d4 Nf6 2. c4 g6 3. g3 Bg7 4. Bg2 O-O 5. Nf3 c6 6. O-O d5 7. cxd5 cxd5 8.
Ne5 Nc6 9. Nc3 e6 10. Nxc6 bxc6 11. Na4 Nd7 12. Bf4 Ba6 13. Rc1 Rc8 14. b3 Re8 15. Qd2 e5 16. dxe5 Bxe5 17. Bxe5 Rxe5 18. Rfe1 c5 19. f4 Re8 20. Qxd5 Qe7 21. e4 Nb6 22. Nxb6 axb6 23. Rcd1 Red8 24. Qe5 Qxe5 25. fxe5 Kf8 26. Rd6 Rb8 27. Red1 Ke7 28. Bh3 Bb5 29. Kf2 Be8 30. Ke3 b5 31. a3 Ra8 32. Rxd8 Rxd8 33. Rxd8 Kxd8 34. b4 cxb4 35. axb4 Kc7 36. Kd4 Kb6 37. e6 f6 38. Kd5 Kc7 39. Kc5 Bc6 40. Bf1 Be8 41. Bxb5 Bxb5 42. Kxb5 Kd6 43. Ka6 1-0

[Event "GER-ch Blitz 2019"]
[Site "Magdeburg"]
[Date "2019.05.25"]
[Round "16.10"]
[White "Stern, Rene"]
[Black "Kirchner, Thomas"]
[Result "1-0"]
[ECO "E91"]
[WhiteElo "2538"]
[BlackElo "2311"]
[Annotator "ChessBase"]
[PlyCount "61"]
[EventDate "2019.05.25"]
[EventType "tourn"]
[EventCountry "GER"]
[Tiebreak "Number of wins+Number of black wins"]
[SourceTitle "playchess.com"]
[Source "ChessBase"]
[SourceQuality "1"]
[TimeControl "180+2"]

1. Nf3 Nf6 2. c4 g6 3. Nc3 Bg7 4. e4 d6 5. d4 O-O 6. Be2 b6 7. O-O Bb7 8. Qc2 Nc6 9. d5 Ne5 10. Nxe5 dxe5 11. f4 exf4 12. Bxf4 Nd7 13. Nb5 Ne5 14. Qc3 Nd7 15. Qg3 c6 16. Nc3 Nc5 17. Rad1 Qd7 18. e5 cxd5 19. cxd5 Rad8 20. b4 Na6 21. a3 Qc8 22. Rc1 Qa8 23. Rfd1 Rc8 24. Bg5 Rfe8 25. Bb5 Nc7 26. Bxe8 Rxe8 27. d6 exd6 28. exd6
Ne6 29. d7 Rb8 30. Qxb8+ Qxb8 31. d8=Q+ 1-0

[Event "GER-ch Blitz 2019"]
[Site "Magdeburg"]
[Date "2019.05.25"]
[Round "16.11"]
[White "Heidrich, Manfred"]
[Black "Hirneise, Jens"]
[Result "1/2-1/2"]
[ECO "B22"]
[WhiteElo "2351"]
[BlackElo "2375"]
[Annotator "NA"]
[PlyCount "41"]
[EventDate "2019.05.25"]
[EventType "tourn"]
[EventCountry "GER"]
[Tiebreak "Number of wins+Number of black wins"]
[SourceTitle "playchess.com"]
[Source "ChessBase"]
[SourceQuality "1"]
[TimeControl "180+2"]

1. e4 c5 2. c3 d6 3. d4 Nf6 4. dxc5 Nxe4 5. cxd6 Nc6 6. Nf3 Nxd6 7. Be2 g6 8. O-O Bg7 9. Nbd2 O-O 10. Nc4 Nxc4 11. Bxc4 Bg4 12. Qxd8 Rfxd8 13. Be2 Bf5 14. Be3 Bd3 15. Bxd3 Rxd3 16. Rfd1 Rad8 17. Rxd3 Rxd3 18. Kf1 Kf8 19. Ke2 Rd7 20. Rd1 Rxd1 21. Kxd1 1/2-1/2

[Event "GER-ch Blitz 2019"]
[Site "Magdeburg"]
[Date "2019.05.25"]
[Round "16.12"]
[White "Frischmann, Rick"]
[Black "Svane, Frederik"]
[Result "1-0"]
[ECO "B41"]
[WhiteElo "2320"]
[BlackElo "2342"]
[Annotator "NA"]
[PlyCount "69"]
[EventDate "2019.05.25"]
[EventType "tourn"]
[EventCountry "GER"]
[Tiebreak "Number of wins+Number of black wins"]
[SourceTitle "playchess.com"]
[Source "ChessBase"]
[SourceQuality "1"]
[TimeControl "180+2"]

1. e4 c5 2. Nf3 e6 3. d4 cxd4 4. Nxd4 a6 5. c4 Nf6 6. Nc3 Qc7 7. a3 b6 8. Be3 Bb7 9. f3 d6 10. Be2 Nbd7 11. O-O Rc8 12. Rc1 Qb8 13. Qd2 Be7 14. b4 Bd8 15. Rfd1 O-O 16. Nb3 Bc7 17. Bf4 Ne5 18. Bxe5 dxe5 19. c5 bxc5 20. Nxc5 Bb6 21. N3a4 a5 22. Nxb6 Rcd8 23. Qe3 Qa7 24. Nc4 axb4 25. axb4 Bc6 26. Nxe5 Rxd1+ 27. Rxd1 Ba8 28. Qd4 h6 29. Ncd7 Qa4 30. Nxf6+ gxf6 31. Ng4 e5 32. Qd2 h5 33. Nxf6+ Kg7 34. Qg5+ Kh8
35. Qh6# 1-0

[Event "GER-ch Blitz 2019"]
[Site "Magdeburg"]
[Date "2019.05.25"]
[Round "16.13"]
[White "Schulze, Marc"]
[Black "Zuyev, Igor"]
[Result "1/2-1/2"]
[ECO "A45"]
[WhiteElo "2220"]
[BlackElo "2447"]
[Annotator "NA"]
[PlyCount "29"]
[EventDate "2019.05.25"]
[EventType "tourn"]
[EventCountry "GER"]
[Tiebreak "Number of wins+Number of black wins"]
[SourceTitle "playchess.com"]
[Source "ChessBase"]
[SourceQuality "1"]
[TimeControl "180+2"]

1. d4 Nf6 2. Bf4 c5 3. e3 cxd4 4. exd4 d6 5. c3 h6 6. h3 Bf5 7. Bd3 Bxd3 8. Qxd3 e6 9. Nf3 Be7 10. Nbd2 O-O 11. O-O d5 12. Qb5 Qd7 13. Qxd7 Nbxd7 14. Ne5 Nxe5 15. Bxe5 1/2-1/2

[Event "GER-ch Blitz 2019"]
[Site "Magdeburg"]
[Date "2019.05.25"]
[Round "16.14"]
[White "Stein, Robert"]
[Black "Zelbel, Patrick"]
[Result "0-1"]
[ECO "A62"]
[WhiteElo "2318"]
[BlackElo "2439"]
[Annotator "NA"]
[PlyCount "50"]
[EventDate "2019.05.25"]
[EventType "tourn"]
[EventCountry "GER"]
[Tiebreak "Number of wins+Number of black wins"]
[SourceTitle "playchess.com"]
[Source "ChessBase"]
[SourceQuality "1"]
[TimeControl "180+2"]

1. d4 Nf6 2. c4 e6 3. g3 c5 4. d5 exd5 5. cxd5 d6 6. Nc3 g6 7. Bg2 Bg7 8. Nf3 O-O 9. O-O Re8 10. Bf4 Ne4 11. Nxe4 Rxe4 12. Nd2 Rxf4 13. gxf4 Bxb2 14. Rb1 Bg7 15. e4 Nd7 16. Qf3 Bh6 17. Nc4 Nb6 18.
Nxb6 axb6 19. e5 Ra4 20. e6 fxe6 21. dxe6 Bxe6 22. Qxb7 Bxf4 23. Rxb6 Qh4 24. Re1 Bxh2+ 25. Kf1 Qc4+ 0-1

[Event "GER-ch Blitz 2019"]
[Site "Magdeburg"]
[Date "2019.05.25"]
[Round "16.15"]
[White "Kopylov, Daniel"]
[Black "Schmaltz, Roland"]
[Result "0-1"]
[ECO "B90"]
[WhiteElo "2263"]
[BlackElo "2461"]
[Annotator "ChessBase"]
[PlyCount "64"]
[EventDate "2019.05.25"]
[EventType "tourn"]
[EventCountry "GER"]
[Tiebreak "Number of wins+Number of black wins"]
[SourceTitle "playchess.com"]
[Source "ChessBase"]
[SourceQuality "1"]
[TimeControl "180+2"]

1. e4 c5 2. Nf3 d6 3. d4 cxd4 4. Nxd4 Nf6 5. Nc3 a6 6. Be3 e6 7. Be2 h5 8. O-O Nbd7 9. f4 Qc7 10. Bf3 Rb8 11. Qd2 b5 12. Rae1 Be7 13.
a3 Bb7 14. Bf2 Ng4 15. Nd5 exd5 16. exd5 Kf8 17. Rxe7 Kxe7 18. Nf5+ Kf8 19. Bd4 Ngf6 20. Nxg7 Kxg7 21. f5 Qd8 22. Qg5+ Kf8 23. Re1 Ne5 24. Rxe5 dxe5 25. Bc5+ Ke8 26. a4 Rg8 27. Qe3 Nd7 28. Bd6 Qg5 29. Qa7 Qc1+ 30. Kf2 Qd2+ 31. Kg1 Qd4+ 32. Qxd4 exd4 0-1

[Event "GER-ch Blitz 2019"]
[Site "Magdeburg"]
[Date "2019.05.25"]
[Round "17.1"]
[White "Gustafsson, Jan"]
[Black "Braeuning, Rudolf Wilhelm"]
[Result "1-0"]
[ECO "A05"]
[WhiteElo "2639"]
[BlackElo "2285"]
[Annotator "ChessBase"]
[PlyCount "83"]
[EventDate "2019.05.25"]
[EventType "tourn"]
[EventCountry "GER"]
[Tiebreak "Number of wins+Number of black wins"]
[SourceTitle "playchess.com"]
[Source "ChessBase"]
[SourceQuality "1"]
[TimeControl "180+2"]

1. Nf3 Nf6 2. c4 Nc6 3. d4 e6 4. Nc3 Bb4 5. Qc2 d5 6. a3 Bxc3+ 7. Qxc3 Ne4 8. Qc2 e5 9. e3 Bf5 10. Bd3 exd4 11. exd4 O-O 12. O-O Re8 13. c5 Qf6 14. Be3 Bg4 15. Ne5 Nxe5 16. dxe5 Qxe5 17. Rae1 Nf6 18. c6 bxc6 19. b4 Bd7 20. f3 a5 21. bxa5 Qd6 22. Bc5 Qf4 23. a6 h5 24. a7 h4 25. Rxe8+ Nxe8 26. h3 Nd6 27. Rb1 Nb5 28. Qf2 g6 29. Bf1 d4 30. Rb4 Nxa7 31. Rxd4 Qf5 32. Bxa7 Rxa7 33. Rxd7 Qxd7 34. Qxa7 Qd6 35. a4 c5 36. Qa6 Qd4+ 37. Kh1 Qf2 38. a5 g5 39. Qe2 Qd4 40. a6 g4 41. fxg4 c4 42. Qxc4 1-0

[Event "GER-ch Blitz 2019"]
[Site "Magdeburg"]
[Date "2019.05.25"]
[Round "17.2"]
[White "Heistermann, Till"]
[Black "Voege, Tobias"]
[Result "1/2-1/2"]
[ECO "A30"]
[WhiteElo "2181"]
[BlackElo "2294"]
[Annotator "NA"]
[PlyCount "112"]
[EventDate "2019.05.25"]
[EventType "tourn"]
[EventCountry "GER"]
[Tiebreak "Number of wins+Number of black wins"]
[SourceTitle "playchess.com"]
[Source "ChessBase"]
[SourceQuality "1"]
[TimeControl "180+2"]

1. c4 c5 2. g3 g6 3. Bg2 Bg7 4. Nc3 Nf6 5. e3 O-O 6. Nge2 d6 7.
O-O Nbd7 8. d4 Rb8 9. b3 a6 10. a4 b6 11. Bb2 Bb7 12. d5 Ne8 13. Qc2 e6 14.
e4 Nc7 15. Rad1 exd5 16. exd5 Re8 17. Ne4 Ne5 18. h3 f5 19. Nd2 b5 20. axb5 axb5 21. Nf4 bxc4 22. bxc4 Ba6 23. Ba1 Bc8 24. Nd3 Nxd3 25. Qxd3 Na6 26. Bxg7 Kxg7 27. Rfe1 Bd7 28. Nf3 Qf6 29. h4 Nb4 30. Qd2 h6 31. Bf1 Ba4 32. Rxe8 Rxe8 33. Re1 Re4 34. Kg2 Bb3 35. Rc1 Ba4 36. Qc3 Qxc3 37. Rxc3 Bd1 38. Nd2 Rd4 39. Nf3 Bxf3+ 40. Kxf3 g5 41. hxg5 hxg5 42. Ra3 Kf6 43. Re3 Rd1 44. Re6+ Kf7 45. Be2 Rd4 46. Rxd6 Nc2 47. Rd7+ Kf6 48. Rc7 Rd2 49. Bf1 g4+ 50. Kg2 Ne1+ 51. Kh1 Rd1 52. Kh2 Nf3+ 53. Kg2 Ne1+ 54. Kg1 Nf3+ 55. Kg2 Ne1+ 56. Kg1 Ke5 1/2-1/2

[Event "GER-ch Blitz 2019"]
[Site "Magdeburg"]
[Date "2019.05.25"]
[Round "17.3"]
[White "Feuerstack, Aljoscha"]
[Black "Barzen, Pascal"]
[Result "1-0"]
[ECO "B10"]
[WhiteElo "2441"]
[BlackElo "2292"]
[Annotator "NA"]
[PlyCount "81"]
[EventDate "2019.05.25"]
[EventType "tourn"]
[EventCountry "GER"]
[Tiebreak "Number of wins+Number of black wins"]
[SourceTitle "playchess.com"]
[Source "ChessBase"]
[SourceQuality "1"]
[TimeControl "180+2"]

1. e4 c6 2. c4 d5 3. cxd5 cxd5 4. exd5 Nf6 5. Nc3 Nxd5 6. Nf3 Nc6 7. Bb5 g6 8. Qa4 Nb6 9. Bxc6+ bxc6 10. Qxc6+ Bd7 11. Qe4 Bg7 12. d4 O-O 13. O-O Rc8 14. Rd1 Bf5 15. Qe2 Nd5 16. Bd2 Nb4 17. Bg5 Re8 18. d5 Qb6 19. Rd2 h6 20. Be3 Qb7 21. Rad1 a5 22. a3 Na6 23. Bd4 e5 24. Be3 Nc5 25. d6 Red8 26. Nd5 Rxd6 27. Ne7+ Qxe7 28. Rxd6 Ne4 29. Ra6 Qc7 30. h3 Nc5 31. Rc1 Qb7 32. Rxa5 Nb3 33.
Rxc8+ Qxc8 34. Rb5 Na1 35. Qd1 Nc2 36. Rc5 Qe6 37. Rxc2 Bxc2 38. Qxc2 e4 39. Nd2 f5 40.
Qc4 Kf7 41. b4 1-0

[Event "GER-ch Blitz 2019"]
[Site "Magdeburg"]
[Date "2019.05.25"]
[Round "17.4"]
[White "Hebbinghaus, Holger"]
[Black "Wichmann, Cliff"]
[Result "0-1"]
[ECO "C01"]
[WhiteElo "2310"]
[BlackElo "2280"]
[Annotator "NA"]
[PlyCount "55"]
[EventDate "2019.05.25"]
[EventType "tourn"]
[EventCountry "GER"]
[Tiebreak "Number of wins+Number of black wins"]
[SourceTitle "playchess.com"]
[Source "ChessBase"]
[SourceQuality "1"]
[TimeControl "180+2"]

1. e4 e6 2. d4 d5 3. exd5 exd5 4. Nf3 Bd6 5. c4 Nf6 6. Nc3 O-O 7. cxd5 Re8+ 8. Be2 h6 9. O-O Nbd7 10.
Bc4 Nb6 11. Bb3 Bg4 12. h3 Bh5 13. g4 Bg6 14. Re1 Ne4 15.
Be3 Qf6 16. Ne5 Bxe5 17. dxe5 Rxe5 18. Bd4 Rae8 19. Nxe4 Qf4 20. Bxe5 Rxe5 21. Ng3 Nd7 22. Qc1 Qf6 23. Rxe5 Nxe5 24. Qe3 Nf3+ 25. Kh1 Nd4 26. Re1 c5 27. Bd1 Kh7 28. Kg1 0-1

[Event "GER-ch Blitz 2019"]
[Site "Magdeburg"]
[Date "2019.05.25"]
[Round "17.5"]
[White "Koch, Thomas"]
[Black "Krause, Benedict"]
[Result "1-0"]
[ECO "D86"]
[WhiteElo "2474"]
[BlackElo "2434"]
[Annotator "ChessBase"]
[PlyCount "126"]
[EventDate "2019.05.25"]
[EventType "tourn"]
[EventCountry "GER"]
[Tiebreak "Number of wins+Number of black wins"]
[SourceTitle "playchess.com"]
[Source "ChessBase"]
[SourceQuality "1"]
[TimeControl "180+2"]

1. d4 Nf6 2. c4 g6 3. Nc3 d5 4. cxd5 Nxd5 5. e4 Nxc3 6. bxc3 Bg7 7. Bc4 c5 8. Ne2 Nc6 9. Be3 O-O 10. O-O Bg4 11. f3 Bd7 12. Rc1 Qc7 13.
Qd2 Rad8 14. Bh6 cxd4 15. Bxg7 Kxg7 16. cxd4 Qa5 17. Qb2 Qb4 18. Qxb4 Nxb4 19. Rb1 a5 20. a3 Nc2 21. Rxb7 Bc8 22. Rxe7 Ne3 23. Rc1 Nxc4 24. Rxc4 Ba6 25. Rc2 Bxe2 26. Rxe2 Rxd4 27. e5 Kg8 28. Ra7 Ra4 29. Re3 Rc8 30. Kf2 Re8 31. Kg3 Re6 32. f4 Re8 33. Kf3 h5 34. Kg3 Re6 35.
Rd3 g5 36. fxg5 Rxe5 37. h4 Rg4+ 38. Kh3 Ra4 39. g6 Rf5 40.
Rg3 fxg6 41. Rxg6+ Kf8 42. Rg3 Rff4 43. Rb3 Rxh4+ 44. Kg3 Rhg4+ 45. Kh2 Rae4 46. Rxa5 h4 47. Ra7 Re7 48. Rf3+ Ke8 49. Rxe7+ Kxe7 50. Kh3 Ra4 51. Rf2 Ke6 52. Rf3 Ke5 53. Kh2 Ke6 54. Kg1 Ke5 55. Kf2 Ke6 56. Ke2 Rg4 57. Re3+ Kf6 58. Kf3 Ra4 59. Kf2 Kg5 60. Kf1 Rf4+ 61. Ke1 Rg4 62. Re5+ Kf4 63. Re2 Kg3 1-0

[Event "GER-ch Blitz 2019"]
[Site "Magdeburg"]
[Date "2019.05.25"]
[Round "17.6"]
[White "Schneider, Ilja"]
[Black "Baskin, Robert"]
[Result "1-0"]
[ECO "A45"]
[WhiteElo "2494"]
[BlackElo "2398"]
[Annotator "ChessBase"]
[PlyCount "75"]
[EventDate "2019.05.25"]
[EventType "tourn"]
[EventCountry "GER"]
[Tiebreak "Number of wins+Number of black wins"]
[SourceTitle "playchess.com"]
[Source "ChessBase"]
[SourceQuality "1"]
[TimeControl "180+2"]

1. d4 Nf6 2. Bg5 e6 3. e4 h6 4. Bxf6 Qxf6 5. Nc3 d6 6. Qd2 g6 7. f4 Qe7 8. O-O-O Bg7 9. g4 Nc6 10. Nf3 g5 11. f5 Bd7 12. Qf2 h5 13.
Bh3 b6 14. gxh5 O-O-O 15. d5 Ne5 16. fxe6 fxe6 17. dxe6 Bxe6 18. Nd5 Qf7 19. Bxe6+ Qxe6 20. Nxg5 Qh6 21. h4 Rhf8 22. Qe2 Kb7 23.
Rdf1 c6 24. Ne3 Qh8 25. Nf5 Rde8 26. Nxd6+ Kc7 27. Nxe8+ Rxe8 28. Nf7 Qg8 29. Nxe5 Bxe5 30. Kb1 a5 31. Qa6 Ra8 32. Qe2 a4 33. a3 b5 34. Rhg1 Qe6 35. Qg4 Qd6 36. Rf7+ Kb6 37. Qd7 Qc5 38. Qb7+ 1-0

[Event "GER-ch Blitz 2019"]
[Site "Magdeburg"]
[Date "2019.05.25"]
[Round "17.7"]
[White "Buhmann, Rainer"]
[Black "Carow, Johannes"]
[Result "1-0"]
[ECO "B10"]
[WhiteElo "2573"]
[BlackElo "2445"]
[Annotator "ChessBase"]
[PlyCount "143"]
[EventDate "2019.05.25"]
[EventType "tourn"]
[EventCountry "GER"]
[Tiebreak "Number of wins+Number of black wins"]
[SourceTitle "playchess.com"]
[Source "ChessBase"]
[SourceQuality "1"]
[TimeControl "180+2"]

1. e4 c6 2. Nc3 d5 3. Nf3 Nf6 4. e5 Ne4 5. d4 Nxc3 6. bxc3 c5 7. Be3 Nc6 8. Be2 Bg4 9. Rb1 Rb8 10. O-O e6 11. dxc5 Be7 12. Nd4 Bxe2 13. Qxe2 Qd7 14. Qb5 a6 15. Qa4 Rc8 16. Nxc6 Rxc6 17. Rb4 O-O 18. Rfb1 Rb8 19. h3 b5 20. cxb6 Bxb4 21. cxb4 Qc8 22. Bc5 g6 23. h4 Rcxb6 24. Bxb6 Rxb6 25. Qb3 Rb5 26. Rc1 a5 27. a3 axb4 28. axb4 Qb8 29. c3 Qxe5 30. c4 dxc4 31. Qxc4 Rb8 32. Rb1 Rb5 33. g3 Kg7 34. Qd3 h5 35. Kg2 Qb8 36. Qd4+ e5 37. Qc4 Qb7+ 38. Kg1 Qb6 39. Rb3 Qb7 40. Qc3 Qd5 41. Rb1 Qe4 42. Rb2 Rd5 43. f3 Rd1+ 44. Kf2 Qd5 45.
Re2 Rd3 46. Qxe5+ Qxe5 47. Rxe5 Rb3 48. b5 Kf6 49. Rc5 Ke6 50.
Ke2 Kd6 51. Rc6+ Kd7 52. Rf6 Ke7 53. Rb6 Kd7 54.
Rb8 Ke7 55. b6 Kf6 56. Kd2 Rxf3 57. Kc2 Rf5 58. Kc3 Rf3+ 59. Kc4 Rxg3 60. Rd8 Rg1 61. b7 Rc1+ 62. Kb5 Rb1+ 63. Kc6 g5 64. hxg5+ Kxg5 65. Rd5+ f5 66. Rb5 Rc1+ 67. Kd7 Rd1+ 68. Ke7 Re1+ 69. Kf7 h4 70. b8=Q Re4 71. Qg8+ Kf4 72. Qh7 1-0

[Event "GER-ch Blitz 2019"]
[Site "Magdeburg"]
[Date "2019.05.25"]
[Round "17.9"]
[White "Ehmann, Thilo"]
[Black "Stern, Rene"]
[Result "1/2-1/2"]
[ECO "C67"]
[WhiteElo "2291"]
[BlackElo "2538"]
[Annotator "ChessBase"]
[PlyCount "138"]
[EventDate "2019.05.25"]
[EventType "tourn"]
[EventCountry "GER"]
[Tiebreak "Number of wins+Number of black wins"]
[SourceTitle "playchess.com"]
[Source "ChessBase"]
[SourceQuality "1"]
[TimeControl "180+2"]

1. e4 e5 2. Nf3 Nc6 3. Bb5 Nf6 4. O-O Nxe4 5. d4 Nd6 6.
Bxc6 dxc6 7. dxe5 Nf5 8. Qxd8+ Kxd8 9. h3 Be7 10. Rd1+ Ke8 11.
Bg5 Bxg5 12. Nxg5 h6 13. Nf3 Be6 14. Nc3 h5 15. Rd2 Rd8 16.
Rxd8+ Kxd8 17. Rd1+ Ke7 18. Ng5 g6 19. g4 hxg4 20. hxg4 Ng7 21. f3 b6 22. Kg2 f6 23. exf6+ Kxf6 24. Nxe6 Nxe6 25. Rd7 g5 26. Ne4+ Ke5 27. Re7 Rg8 28. b4 Rg6 29. a3 Kd4 30. Kg3 a5 31. bxa5 bxa5 32. Rf7 a4 33. Rf5 c5 34. c3+ Kc4 35. Re5 Kb3 36. Nxc5+ Nxc5 37. Rxc5 c6 38. f4 gxf4+ 39. Kxf4 Kxa3 40. Kf5 Rd6 41. g5 Kb3 42. g6 a3 43. g7 Rd8 44.
Rxc6 a2 45. Ra6 Rc8 46. Kf6 Kb2 47. Kf7 Rc7+ 48. Kg8 Rc8+ 49. Kh7 Rc7 50. Kh8 Rc6 51. Ra7 Rh6+ 52. Kg8 Rf6 53.
Kh7 Rf7 54. Rxf7 a1=Q 55. g8=Q Qh1+ 56. Kg7 Qg2+ 57. Kh8 Qh2+ 58. Qh7 Qe5+ 59. Qg7 Qe8+ 60. Kh7 Qe4+ 61. Qg6 Qh4+ 62. Kg7 Qc4 63. Rb7+ Kc1 64. Qg5+ Kc2 65. Qg2+ Kd1 66. Qb2 Ke1 67. Rd7 Kf1 68. Qd2 Kg1 69. Qf2+ Kh1 1/2-1/2

[Event "GER-ch Blitz 2019"]
[Site "Magdeburg"]
[Date "2019.05.25"]
[Round "17.10"]
[White "Hirneise, Jens"]
[Black "Kopylov, Michael"]
[Result "1-0"]
[ECO "B03"]
[WhiteElo "2375"]
[BlackElo "2413"]
[Annotator "NA"]
[PlyCount "71"]
[EventDate "2019.05.25"]
[EventType "tourn"]
[EventCountry "GER"]
[Tiebreak "Number of wins+Number of black wins"]
[SourceTitle "playchess.com"]
[Source "ChessBase"]
[SourceQuality "1"]
[TimeControl "180+2"]

1. e4 Nf6 2. e5 Nd5 3. d4 d6 4. c4 Nb6 5. exd6 exd6 6. Nc3 Be7 7. h3 Nc6 8. Nf3 O-O 9. Bd3 d5 10. c5 Nc4 11.
O-O b6 12. b3 N4a5 13. cxb6 axb6 14. Bb2 Ba6 15. Rc1 Bxd3 16. Qxd3 Qd7 17. Rfe1 Bf6 18. Qb5 Rfd8 19. b4 Nc4 20. Nxd5 Nxb2 21. Nxf6+
gxf6 22. Rxc6 Nd3 23. Qxd3 Qxc6 24. Nh4 Re8 25. Rxe8+ Rxe8 26. Nf5 Qc1+ 27. Kh2 Qf4+ 28. Ng3 Rd8 29. d5 Qe5 30. Kg1 Rxd5 31. Qc2 c5 32. bxc5 Rxc5 33. Qd1 Qf4 34. Qd8+ Kg7
35. Nf1 Rc1 36. Qd3 1-0